 Dungeon Crawl Stone Soup version 0.15.2 (webtiles) character file.

2867 MordorOrchid the Digger (level 9, -1/54 HPs)
             Began as an Octopode Earth Elementalist on May 7, 2022.
             Was a Believer of Dithmenos.
             Slain by a wolf (7 damage)
             ... led by Grum
             ... on Level 8 of the Dungeon.
             The game lasted 00:47:35 (5509 turns).

MordorOrchid the Digger (OpEE)                      Turns: 5509, Time: 00:47:35

HP  -1/54        AC  1     Str  7      XL: 9   Next: 75%
MP   5/22        EV 14     Int 20      God: Dithmenos [**....]
Gold 407         SH  0     Dex 13      Spells:  5 memorised,  6 levels left

rFire  . . .     SeeInvis .     y - +5 dagger (venom)
rCold  . . .     Clarity  .     (no shield)
rNeg   . . .     rCorr    .     (helmet restricted)
rPois  .         rRot     .     (no amulet)
rElec  .         Spirit   .     T - ring of flight
SustAb .         Warding  .     (no ring)
rMut   .         Stasis   .     (no ring)
Gourm  .                        (no ring)
MR     .....                    (no ring)
                                (no ring)
                                (no ring)
                                (no ring)

@: wreathed by umbra, not resistant to hostile enchantments, very stealthy
A: almost no armour, amphibious, 8 rings, constrict 8, camouflage 1, gelatinous
body 1
a: Shadow Step, Renounce Religion, Evoke Flight


You were on level 8 of the Dungeon.
You worshipped Dithmenos.
Dithmenos was pleased with you.
You were hungry.

You visited 1 branch of the dungeon, and saw 8 of its levels.

You collected 407 gold pieces.

Inventory:

Hand weapons
 j - a +0 hunting sling
 y - a +5 dagger of venom (weapon)
 E - the +0 Staff of Olgreb {rPois}
   (You found it on level 5 of the Dungeon)

   It protects you from poison.
 X - a +0 dagger of draining
Missiles
 b - 133 stones (quivered)
 q - 28 sling bullets
 C - 9 poisoned arrows
 D - 86 arrows
 V - a tomahawk
 Y - 13 bolts
 Z - 17 poisoned sling bullets
Magical devices
 l - a wand of draining (12)
 u - a wand of magic darts (9)
 F - a wand of magic darts (18)
 K - a wand of slowing (12)
 O - a wand of lightning (7) {unknown}
 R - a wand of magic darts (15)
 S - a wand of draining (6)
Comestibles
 a - 5 bread rations
 r - 2 fruits
 v - 4 meat rations
 H - 4 rotting chunks of centaur flesh
 M - a chunk of rat flesh
Scrolls
 c - 4 scrolls of remove curse
 e - 3 scrolls of teleportation
 f - a scroll of identify
 i - a scroll of fog
 k - a scroll of enchant armour
 o - a scroll of fear
 p - 2 scrolls of magic mapping
 t - 2 scrolls of amnesia
 x - a scroll of random uselessness {unknown}
 G - 3 scrolls of blinking {unknown}
 J - a scroll of silence {unknown}
 L - a scroll of noise {unknown}
 P - a scroll of recharging
 W - a scroll of immolation {unknown}
Jewellery
 T - a ring of flight (left tentacle)
Potions
 g - 3 potions of agility {unknown}
 h - a potion of brilliance
 m - 4 potions of curing
 n - 2 potions of lignification
 s - a potion of degeneration {unknown}
 w - a potion of heal wounds {unknown}
 A - 2 potions of magic {unknown}
 B - 3 potions of poison
 I - 2 potions of cure mutation
 N - a potion of confusion {unknown}
 Q - 3 potions of restore abilities {unknown}
Books
 d - a book of Geomancy

   Spells                             Type                      Level
   *Sandblast                         Earth                        1
   *Stoneskin                         Transmutation/Earth          2
   *Passwall                          Transmutation/Earth          3
   *Stone Arrow                       Conjuration/Earth            3
   *Petrify                           Transmutation/Earth          4
   Lee's Rapid Deconstruction         Earth                        5
 z - a book of Air

   Spells                             Type                      Level
   Shock                              Conjuration/Air              1
   Swiftness                          Charms/Air                   2
   Repel Missiles                     Charms/Air                   2
   Flight                             Charms/Air                   3
   Static Discharge                   Conjuration/Air              3
   Lightning Bolt                     Conjuration/Air              5


   Skills:
 - Level 2.0 Fighting
 - Level 2.0 Short Blades
 * Level 5.3 Dodging
 + Level 6.1 Stealth
 * Level 5.7 Spellcasting
 * Level 3.4 Conjurations
 * Level 4.1 Transmutations
 * Level 6.4 Earth Magic
 * Level 2.4 Invocations
 * Level 4.6 Evocations


You had 6 spell levels left.
You knew the following spells:

 Your Spells              Type           Power        Failure   Level  Hunger
a - Sandblast             Erth           ####..       1%          1    None
d - Petrify               Trmt/Erth      ####....     14%         4    ####...
f - Stone Arrow           Conj/Erth      ####..       6%          3    ##.....
w - Passwall              Trmt/Erth      ####......   4%          3    ##.....
y - Stoneskin             Trmt/Erth      ####....     1%          2    None


Dungeon Overview and Level Annotations

Branches:
Dungeon (8/15)             Temple (0/1) D:4
   Lair: D:8-11

Altars:
Dithmenos
Fedhas
Sif Muna
Zin
The Shining One

Shops:
D:5 [

Annotations:
D:5 Blork the orc, Menkaure
D:6 exclusion: upstairs
D:8 Grum


Innate Abilities, Weirdness & Mutations

You cannot wear most types of armour.
You are amphibious.
You can wear up to eight rings at the same time.
You can use your tentacles to constrict many enemies at once.
Your skin changes colour to match your surroundings (Stealth).
Your rubbery body absorbs attacks (AC +1).


Message History

You barely miss the wolf. You grab the wolf.
You squeeze the wolf, but do no damage.
The wolf is moderately wounded.
You constrict the wolf, but do no damage.
The wolf barely misses you. The wolf bites you!
You hit the wolf but do no damage.
The wolf is poisoned.
The wolf is moderately wounded.
You constrict the wolf, but do no damage.
The wolf closely misses you.
You barely miss the wolf.
The wolf is moderately wounded.
You constrict the wolf, but do no damage.
The wolf closely misses you. The wolf bites you.
Grum hits you from afar with a spear!
* * * LOW HITPOINT WARNING * * *
You release your grip on the wolf.
The wolf misses you. The wolf bites you.
* * * LOW HITPOINT WARNING * * *
The wolf bites you!
You die...

..#..+ #.... . '..#
###..... .... #.. ........
.... #.# #.######
#...######.## #.### ##
#...#..#.)..# #...# +.
#...+..'..g.+ ... #.
#...#..#..h## #.#####
#...#'##..@##.#######.##...
#.....#....+.......'..'...
#.....#....#......##'##...
#.....+...###+###.#.......
#.....#...##...##.#....###
#.....#....'...'..'....#
#.....#...##'####'#....#
#.....#...##.#.....#####
#.....#+####.+.....#


You could see Grum and a wolf.

Vanquished Creatures
  Joseph (D:8)
  A hippogriff (D:8)
  Edmund (D:5)
  2 wolves (D:8)
  An orc warrior (D:7)
  2 sky beasts (D:8)
  An ogre (D:8)
  A black bear (D:6)
  2 centaurs (D:8)
  A big kobold (D:7)
  3 giant frogs
  2 scorpions
  3 crimson imps
  A goliath beetle (D:7)
  5 hounds
  2 orc priests
  A jelly (D:8)
  A black bear zombie (D:8)
  Crazy Yiuf (D:4)
  12 worker ants
  An iguana (D:7)
  A killer bee zombie (D:6)
  Ijyb (D:6)
  Jessica (D:2)
  2 hound skeletons
  6 adders
  7 gnolls
  2 shadow imps
  An orc skeleton (D:5)
  2 giant geckos (D:7)
  15 orcs
  4 ball pythons
  13 hobgoblins
  2 jackals (D:3)
  20 kobolds
  6 bats
  5 giant cockroaches
  4 giant newts
  9 goblins
  2 quokkas
  15 rats
  A fungus (D:4)
164 creatures vanquished.

Notes
Turn   | Place    | Note
--------------------------------------------------------------
     0 | D:1      | MordorOrchid, the Octopode Earth Elementalist, began the quest for the Orb.
     0 | D:1      | Reached XP level 1. HP: 11/11 MP: 3/3
   187 | D:1      | Reached XP level 2. HP: 12/18 MP: 4/4
   191 | D:1      | Learned a level 2 spell: Stoneskin
   319 | D:1      | Reached skill level 1 in Fighting
   376 | D:2      | Noticed Jessica
   477 | D:2      | Found a glowing golden altar of the Shining One.
   668 | D:2      | Reached XP level 3. HP: 17/23 MP: 2/6
   906 | D:3      | Learned a level 3 spell: Passwall
   920 | D:3      | Found a deep blue altar of Sif Muna.
   920 | D:3      | Found a blossoming altar of Fedhas.
  1207 | D:2      | Killed Jessica
  1207 | D:2      | Reached XP level 4. HP: 18/28 MP: 6/8
  1237 | D:2      | Noticed an angel
  1238 | D:2      | Found a glowing silver altar of Zin.
  1302 | D:3      | Found a shadowy altar of Dithmenos.
  1347 | D:3      | Became a worshipper of Dithmenos the Shadowed
  1532 | D:3      | Reached XP level 5. HP: 30/33 MP: 3/9
  1535 | D:3      | Reached skill level 1 in Evocations
  1760 | D:4      | Learned a level 3 spell: Stone Arrow
  1914 | D:4      | Reached XP level 6. HP: 34/39 MP: 13/13
  1973 | D:4      | Found a staircase to the Ecumenical Temple.
  2073 | D:4      | Reached skill level 4 in Earth Magic
  2395 | D:5      | Entered Level 5 of the Dungeon
  2395 | D:5      | Noticed Edmund
  2396 | D:5      | Reached XP level 7. HP: 45/45 MP: 14/14
  2413 | D:5      | Killed Edmund
  2413 | D:5      | Reached skill level 1 in Short Blades
  2413 | D:5      | Reached skill level 1 in Conjurations
  2574 | D:5      | Found Wuurphil's Armour Shoppe.
  2824 | D:4      | Noticed Crazy Yiuf
  2829 | D:4      | Killed Crazy Yiuf
  2844 | D:4      | Learned a level 4 spell: Petrify
  2908 | D:5      | Noticed Menkaure
  2908 | D:5      | Noticed Blork the orc
  3179 | D:6      | Noticed Ijyb
  3183 | D:6      | Killed Ijyb
  3444 | D:6      | Reached skill level 5 in Stealth
  3444 | D:6      | Reached XP level 8. HP: 18/50 MP: 0/18
  3931 | D:7      | Acquired Dithmenos' first power
  4477 | D:7      | Reached skill level 5 in Earth Magic
  4605 | D:8      | Noticed Joseph
  4716 | D:8      | Reached skill level 5 in Spellcasting
  4716 | D:8      | Reached skill level 1 in Invocations
  4716 | D:8      | Reached XP level 9. HP: 21/54 MP: 7/21
  4902 | D:8      | Killed Joseph
  4902 | D:8      | Reached skill level 5 in Dodging
  5102 | D:8      | Reached skill level 6 in Earth Magic
  5355 | D:8      | Noticed Grum
  5509 | D:8      | Slain by a wolf

Action                   |  1- 3 |  4- 6 |  7- 9 || total
-------------------------+-------+-------+-------++-------
Melee: Unarmed           |     4 |       |       ||     4
       Dagger            |    39 |    52 |   140 ||   231
 Fire: Hunting sling     |       |       |    24 ||    24
 Cast: Sandblast         |    29 |    22 |    23 ||    74
       Stone Arrow       |       |     2 |    42 ||    44
       Passwall          |       |       |    23 ||    23
       Stoneskin         |       |       |     1 ||     1
Evoke: Wand              |       |       |     4 ||     4
  Use: Scroll            |     3 |     6 |     9 ||    18
 Stab: Sleeping          |    11 |    13 |    19 ||    43
  Eat: Chunk             |     1 |     4 |     9 ||    14
       Pizza             |       |       |     2 ||     2
       Beef jerky        |       |       |     1 ||     1
       Fruit             |       |       |     1 ||     1
